 Dungeon Crawl Stone Soup version 0.28.0 (webtiles) character file.

Game seed: 13985367471172153673

81 Ablot the Grasshopper (level 4, 0/38 HPs)
             Began as a Gnoll Warper on Feb 17, 2022.
             Slain by Terence (8 damage)
             ... on level 3 of the Dungeon.
             The game lasted 00:04:11 (2600 turns).

Ablot the Grasshopper (Gnoll Warper)                Turns: 2600, Time: 00:04:11

Health: 0/38       AC:  4    Str: 12    XL:     4   Next: 42%
Magic:  11/11      EV: 12    Int: 13    God:
Gold:   88         SH:  0    Dex: 11    Spells: 11/13 levels left

rFire   . . .      SeeInvis +   a - +0 spear
rCold   . . .      Faith    .   (no shield)
rNeg    . . .      Spirit   .   b - +0 leather armour
rPois   .          Reflect  .   (no helmet)
rElec   .          Harm     .   (no cloak)
rCorr   .          Rampage  .   g - +0 pair of gloves
Will    .....                   (no boots)
Stlth   +.........              (no amulet)
HPRegen 0.12/turn               p - ring of see invisible
MPRegen 0.12/turn               (no ring)

@: no status effects
A: fangs 1, strong nose, distributed training
a: no special abilities


You were on level 3 of the Dungeon.
You visited 1 branch of the dungeon, and saw 3 of its levels.

You collected 88 gold pieces.

Inventory:

Hand Weapons
 a - a +0 spear (weapon)
 n - a +3 short sword
Missiles
 d - 5 boomerangs of dispersal (quivered)
 e - 134 stones
 i - 26 bolts
 k - 15 arrows
 l - 17 sling bullets
Armour
 b - a +0 leather armour (worn)
 g - a +0 pair of gloves (worn)
Jewellery
 p - a ring of see invisible (left hand)
Wands
 s - a wand of digging (9)
 u - a wand of iceblast (8)
Scrolls
 c - a scroll of blinking
 f - 3 scrolls of identify {unknown}
 h - 2 scrolls of teleportation {unknown}
 m - a scroll of noise {unknown}
 r - a scroll of magic mapping {unknown}
Potions
 j - 2 potions of ambrosia {unknown}
 o - 2 potions of curing {unknown}
 q - a potion of flight {unknown}
 t - 2 potions of haste {unknown}


   Skills:
 + Level 4.6 Fighting
 + Level 1.1 Short Blades
 + Level 1.1 Long Blades
 + Level 1.1 Axes
 + Level 1.1 Maces & Flails
 + Level 4.6 Polearms
 + Level 1.1 Staves
 + Level 1.1 Slings
 + Level 1.1 Bows
 + Level 1.1 Crossbows
 + Level 2.7 Throwing
 + Level 2.7 Armour
 + Level 4.6 Dodging
 + Level 1.1 Stealth
 + Level 1.1 Shields
 + Level 1.1 Unarmed Combat
 + Level 5.1 Spellcasting
 + Level 0.9 Conjurations
 + Level 0.9 Hexes
 + Level 0.9 Summonings
 + Level 0.9 Necromancy
 + Level 5.4 Translocations
 + Level 0.9 Transmutations
 + Level 0.9 Fire Magic
 + Level 0.9 Ice Magic
 + Level 0.9 Air Magic
 + Level 0.9 Earth Magic
 + Level 0.9 Poison Magic
 + Level 1.2 Invocations
 + Level 1.1 Evocations


You had 11 spell levels left.
You knew the following spells:

 Your Spells              Type           Power      Damage    Failure   Level
a - Blink                 Tloc           34%        N/A       3%          2

Your spell library contained the following spells:

 Spells                   Type           Power      Damage    Failure   Level
 Gell's Gravitas          Tloc           17%        N/A       8%          3
 Lesser Beckoning         Tloc           17%        N/A       8%          3
 Teleport Other           Tloc           17%        N/A       8%          3
 Portal Projectile        Hex/Tloc       22%        N/A       19%         3
 Corpse Rot               Necr/Air       10%        N/A       24%         2
 Poisonous Vapours        Pois/Air       10%        N/A       24%         2
 Call Canine Familiar     Summ           5%         N/A       43%         3
 Manifold Assault         Tloc           17%        N/A       56%         5
 Leda's Liquefaction      Hex/Erth       2%         N/A       85%         4


Dungeon Overview and Level Annotations

Branches:
Dungeon (3/15)

Altars:
Ashenzari

Annotations:
D:3 Terence


Innate Abilities, Weirdness & Mutations

You have very sharp teeth.
Your uncanny sense of smell can sniff out nearby items.
Your experience applies equally to all skills.


Message History

You closely miss Terence.
Terence is almost dead.
You hit Terence but do no damage.
Terence is almost dead.
Terence hits you with a +0 flail.
You hit Terence but do no damage.
Terence is almost dead.
Terence closely misses you.
You hit Terence but do no damage.
Terence is almost dead.
Terence closely misses you.
You hit Terence but do no damage.
Terence is almost dead.
Terence barely misses you.
You hit Terence but do no damage.
Terence is almost dead.
Terence hits you with a +0 flail.
You hit Terence but do no damage.
Terence is almost dead.
Terence says, "Did you write a will?
You should..."
Terence hits you but does no damage.
You hit Terence but do no damage.
Terence is almost dead.
Terence hits you with a +0 flail.
You completely miss Terence.
Terence is almost dead.
Terence closely misses you.
You hit Terence but do no damage. You bite Terence, but do no damage.
Terence is almost dead.
You hit Terence but do no damage.
Terence is almost dead.
Terence closely misses you.
You barely miss Terence.
Terence is almost dead.
Terence hits you with a +0 flail.
* * * LOW HITPOINT WARNING * * *
You closely miss Terence.
Terence is almost dead.
Terence hits you with a +0 flail!
You die...

#§≈§§≈≈≈≈§§.##
#...≈..§..§...
#.≈.≈.≈≈≈.≈.# #
#.≈.≈.._≈.≈.#..
#.§.≈≈≈≈≈.≈....
#.≈.§.....≈....
#.§§§≈≈≈≈≈≈....
#...§@@........ ###
##.#######.....
######.## #..# ...
........####.####.##
# ##................
..
#.....#########.##
##. .##.#..## #..
......## ... #..
###.### ... #..


You could see Terence (invisible).

Vanquished Creatures
  An orc wizard (D:3)
  A worm (D:3)
  4 dart slugs
  4 orcs (D:3)
  2 endoplasms
  2 giant cockroaches
  8 goblins
  3 hobgoblins
  A quokka (D:2)
  4 ball pythons
  3 bats
  2 frilled lizards
  5 kobolds
  4 rats
44 creatures vanquished.

Notes
Turn   | Place    | Note
-------+----------+-------------------------------------------
     0 | D:1      | Ablot the Gnoll Warper began the quest for the Orb.
     0 | D:1      | Reached XP level 1. HP: 20/20 MP: 6/6
   333 | D:1      | Reached XP level 2. HP: 23/26 MP: 7/7
   336 | D:1      | Learned a level 2 spell: Blink
   843 | D:1      | Found a faded altar of an unknown god.
  1106 | D:2      | Reached XP level 3. HP: 26/31 MP: 9/9
  1183 | D:2      | Reached skill level 5 in Spellcasting
  1451 | D:2      | Reached skill level 1 in Invocations
  2190 | D:3      | Reached skill level 1 in Short Blades
  2190 | D:3      | Reached skill level 1 in Long Blades
  2190 | D:3      | Reached skill level 1 in Axes
  2190 | D:3      | Reached skill level 1 in Maces & Flails
  2190 | D:3      | Reached skill level 1 in Staves
  2190 | D:3      | Reached skill level 1 in Slings
  2190 | D:3      | Reached skill level 1 in Bows
  2190 | D:3      | Reached skill level 1 in Crossbows
  2190 | D:3      | Reached skill level 1 in Stealth
  2190 | D:3      | Reached skill level 1 in Shields
  2190 | D:3      | Reached skill level 1 in Unarmed Combat
  2190 | D:3      | Reached skill level 1 in Evocations
  2190 | D:3      | Reached XP level 4. HP: 36/38 MP: 11/11
  2560 | D:3      | Found a broken altar of Ashenzari.
  2567 | D:3      | Noticed Terence
  2600 | D:3      | Slain by Terence

Illustrated notes

Levels and vault maps discovered:
D:1:      co_arrival_random_square_maze, layout_loops_ring,
          dilly_ecumenical_altar_fadedgnrine
D:2:      kennysheep_six_static_rooms, layout_loops_ring,
          kennysheep_generic_room_10
D:3:      layout_loops_cross, mainiacjoe_overflow_catwalk_spiral, uniq_terence

Skill      XL: |  1  2  3 |
---------------+----------+-----
Spellcasting   | 5 |  5.1
Invocations    | 1 |  1.2
Short Blades   | 1 |  1.1
Long Blades    | 1 |  1.1
Axes           | 1 |  1.1
Maces & Flails | 1 |  1.1
Staves         | 1 |  1.1
Slings         | 1 |  1.1
Bows           | 1 |  1.1
Crossbows      | 1 |  1.1
Stealth        | 1 |  1.1
Shields        | 1 |  1.1
Unarmed Combat | 1 |  1.1
Evocations     | 1 |  1.1
Fighting       | |  4.6
Polearms       | |  4.6
Throwing       | |  2.7
Armour         | |  2.7
Dodging        | |  4.6
Conjurations   | |  0.9
Hexes          | |  0.9
Summonings     | |  0.9
Necromancy     | |  0.9
Translocations | |  5.4
Transmutations | |  0.9
Fire Magic     | |  0.9
Ice Magic      | |  0.9
Air Magic      | |  0.9
Earth Magic    | |  0.9
Poison Magic   | |  0.9

Action                   |  1- 3 |  4- 6 || total
-------------------------+-------+-------++-------
Melee: Spear             |   150 |    59 ||   209
       Bite              |    18 |     2 ||    20
       Punch             |     1 |       ||     1
Evoke: Wand              |       |     1 ||     1
 Stab: Sleeping          |     4 |       ||     4
Armor: Leather armour    |    21 |     6 ||    27
Dodge: Dodged            |    51 |    24 ||    75
